 Dungeon Crawl Stone Soup version 0.30-a0-297-g0ec75d9ef4 (webtiles) character file.

Game seed: 16704490933418885481

1969 Engwar the Grappler (level 9, 88/88 HPs)
             Began as a Troll Fighter on Oct 19, 2022.
             Was a Follower of Qazlal.
             Quit the game on level 6 of the Dungeon.
             The game lasted 00:12:00 (4502 turns).

Engwar the Grappler (Troll Fighter)                 Turns: 4502, Time: 00:12:01

Health: 88/88      AC:  4    Str: 26    XL:     9   Next: 0%
Magic:  8/8        EV:  9    Int:  8    God:    Qazlal [*.....]
Gold:   323        SH: 11    Dex:  9    Spells: 8/8 levels left

rFire   . . .      SeeInvis .      - Unarmed
rCold   . . .      Faith    .    b - +1 kite shield
rNeg    . . .      Spirit   .    o - +0 robe {Will+}
rPois   +          Reflect  .    (helmet restricted)
rElec   .          Harm     .    (no cloak)
rCorr   .          Rampage  .    (gloves unavailable)
Will    ++...                    (boots unavailable)
Stlth   +.........               a - amulet of regeneration
HPRegen 1.94/turn                p - ring "Qouss" {rPois Will+}
MPRegen 0.11/turn                (no ring)

@: studying Dodging
A: large, unfitting armour, claws 3, regeneration 1, shaggy fur 1, tough skin 1
a: Renounce Religion


You were on level 6 of the Dungeon.
You worshipped Qazlal.
Qazlal was aware of your devotion.
You visited 2 branches of the dungeon, and saw 7 of its levels.

You collected 323 gold pieces.

Inventory:

Missiles
 f - 4 large rocks (quivered)
 j - 2 throwing nets
 m - 3 boomerangs
Armour
 b - a +1 kite shield (worn)
 o - a +0 robe of willpower (worn)
Magical Staves
 k - a staff of earth
Jewellery
 a - an amulet of regeneration (around neck)
 p - the ring "Qouss" (left claw) {rPois Will+}
   (You acquired it on level 5 of the Dungeon)

   [ring of poison resistance]

   rPois:     It protects you from poison.
   Will:      It increases your willpower.
Wands
 n - a wand of mindburst (19)
 r - a wand of charming (16)
Scrolls
 e - 2 scrolls of teleportation
 i - a scroll of butterflies
 s - a scroll of magic mapping
 u - a scroll of blinking
 v - a scroll of enchant armour
Potions
 c - a potion of might
 d - 2 potions of curing
 g - 2 potions of ambrosia
 h - a potion of brilliance
 l - a potion of cancellation {unknown}
 q - a potion of berserk rage
 t - a potion of lignification {unknown}


   Skills:
 + Level 5.3 Fighting
 - Level 3.3 Dodging
 + Level 5.8 Shields
 * Level 8.3 Unarmed Combat


You had 8 spell levels left.
You didn't know any spells.
Your spell library contained the following spells:

 Spells                   Type           Power      Damage    Failure   Level
 Necrotise                Necr           0%         1d4       67%         1
 Cigotuvi's Dreadful Rot  Necr/Pois/Air  0%         N/A       80%         2
 Poisonous Vapours        Pois/Air       0%         N/A       80%         2
 Mephitic Cloud           Conj/Pois/Air  0%         N/A       95%         3
 Vampiric Draining        Necr           0%         2d6       95%         3
 Agony                    Necr           0%         N/A       100%        5


Dungeon Overview and Level Annotations

Branches:
Dungeon (6/15)             Temple (1/1) D:5

Altars:
Ashenzari
Cheibriados
Makhleb
Qazlal
Trog
Vehumet
Wu Jian
Yredelemnul

Shops:
D:3 :


Innate Abilities, Weirdness & Mutations

You are too large for most types of armour.
You have claws for hands.
Your natural rate of healing is unusually fast.
You are covered in fur. (AC +1)
You have tough skin. (AC +1)


Message History

A jelly comes into view.
The jelly quivers.
A jelly is nearby!
You scratch the jelly.
Your claws burn!
The jelly is lightly wounded.
You block the jelly's attack.
You barely miss the jelly.
The jelly is lightly wounded.
The jelly hits you but does no damage.
You scratch the jelly but do no damage.
Your claws burn!
The jelly is lightly wounded.
You block the jelly's attack.
You scratch the jelly.
Your claws burn!
The jelly is lightly wounded.
The jelly hits you but does no damage.
You barely miss the jelly.
The jelly is lightly wounded.
The jelly misses you.
You mangle the jelly!!
You kill the jelly!
Qazlal accepts your kill.
You have reached level 9!
Your experience leads to an increase in your attributes!
Increase (S)trength, (I)ntelligence, or (D)exterity?
You feel clever. x2; You feel stronger.
Unknown command.
Unknown command.
Unknown command.
Unknown command.
Unknown command.
Unknown command.
Unknown command.
Unknown command.
Unknown command.
Unknown command.
Unknown command.
Unknown command.
Unknown command.
No monsters, items or features are visible.
Are you sure you want to abandon this character and quit the game? (Confirm with "yes".)

#................. #
##.................. #
#....................
##
######.................
...#####.
.....................#
.^.......
....................#
#........
.......######...○..##
#....... #####..##
###....# ##.....# ##..#
##@..## ###...... #..##
##...#####........
##..# #...##...........
#..## #................
##..#
##......##....#..# ##.#
##.....####...##..#
#.## ##....###
#..###..# ##.###....##
#..# #.## ##......##
#.## ###


There were no monsters in sight!

Vanquished Creatures
  Pikel (D:5)
  A yak (D:5)
  The ghost of Voker57 the Ducker, an amateur DsGl (D:3)
  A sky beast (D:6)
  2 phantoms
  4 lemures
  A scorpion (D:5)
  2 bullfrogs
  A gnoll sergeant (D:6)
  2 hounds (D:5)
  5 jellies
  A gnoll bouda (D:5)
  An orc priest (D:4)
  4 iguanas
  4 orc wizards
  10 gnolls
  10 adders
  A shadow imp (D:5)
  2 worms
  A dart slug (D:2)
  12 orcs
  3 endoplasms
  A giant cockroach (D:4)
  14 goblins
  8 hobgoblins
  6 jackals
  4 quokkas
  5 ball pythons
  3 bats
  3 frilled lizards
  4 kobolds
  9 rats
127 creatures vanquished.

Notes
Turn   | Place    | Note
-------+----------+-------------------------------------------
     0 | D:1      | Engwar the Troll Fighter began the quest for the Orb.
     0 | D:1      | Reached XP level 1. HP: 22/22 MP: 0/0
    86 | D:1      | Reached XP level 2. HP: 29/29 MP: 1/1
   735 | D:2      | Reached XP level 3. HP: 36/36 MP: 2/2
   832 | D:2      | Reached skill level 3 in Unarmed Combat
   947 | D:2      | Reached XP level 4. HP: 28/44 MP: 3/3
  1231 | D:3      | Found Hoczaso's Book Emporium.
  1433 | D:3      | Identified the +2 pair of boots of Cagicauq {rElec Regen+
                  | Stlth+}
  1568 | D:3      | Found a bloodstained altar of Trog.
  1738 | D:3      | Found a faded altar of an unknown god.
  1819 | D:3      | Found a runed translucent door.
  1822 | D:3      | Noticed Voker57's ghost (amateur DsGl)
  1948 | D:4      | Reached skill level 4 in Unarmed Combat
  1948 | D:4      | Reached XP level 5. HP: 26/53 MP: 4/4
  2795 | D:5      | Entered Level 5 of the Dungeon
  2800 | D:5      | Identified a scroll of acquirement
  2800 | D:5      | Acquired the ring "Qouss" {rPois Will+}
  2848 | D:5      | Reached XP level 6. HP: 44/61 MP: 5/5
  2919 | D:5      | Found a radiant altar of Vehumet.
  2975 | D:3      | Killed Voker57's ghost
  2976 | D:3      | Reached skill level 5 in Unarmed Combat
  3025 | D:5      | Noticed Pikel
  3028 | D:5      | Reached XP level 7. HP: 68/68 MP: 6/6
  3116 | D:5      | Found a staircase to the Ecumenical Temple.
  3137 | Temple   | Entered the Ecumenical Temple
  3159 | Temple   | Became a worshipper of Qazlal Stormbringer
  3217 | D:5      | Killed Pikel
  3218 | D:5      | Reached skill level 6 in Unarmed Combat
  3218 | D:5      | Reached XP level 8. HP: 79/79 MP: 7/7
  3347 | D:5      | Reached skill level 5 in Shields
  3347 | D:5      | Reached skill level 7 in Unarmed Combat
  3473 | D:5      | Found a burning altar of Makhleb.
  3475 | D:5      | Found a snail-covered altar of Cheibriados.
  3475 | D:5      | Found a broken altar of Ashenzari.
  3475 | D:5      | Found a basalt altar of Yredelemnul.
  3475 | D:5      | Found an ornate altar of the Wu Jian Council.
  3901 | D:6      | Reached skill level 5 in Fighting
  4096 | D:6      | Reached skill level 8 in Unarmed Combat
  4377 | D:6      | Reached * piety under Qazlal
  4492 | D:6      | Reached XP level 9. HP: 88/88 MP: 8/8
  4502 | D:6      | Quit the game

Illustrated notes

Levels and vault maps discovered:
D:1:      minmay_arrival_stair_chambers, layout_basic
D:2:      layout_basic, minmay_pentomino_t4
D:3:      minmay_inner_zag, layout_rooms, trog_butcher_becter, serial_shops,
          shop, shapermc_ecumenical_altar_petra, ebering_ghost_reflecting_pool
D:4:      cheibrodos_greedy_goblins, layout_basic
D:5:      layout_loops_ring, mainiacjoe_overflow_small_starburst,
          grunt_temple_overflow_open, minmay_temple_entry_glass, minivault_27,
          minmay_manual_monstrance, uniq_pikel
D:6:      layout_layer_cave
Temple:   regret_index_temple_generic_petals

Skill      XL: |  1  2  3  4  5  6  7  8 |
---------------+-------------------------+-----
Shields        | 3 4 5 |  5.8
Unarmed Combat | 3 4 5 6 8 |  8.3
Fighting       | 3 4 5 |  5.3
Dodging        | 3 |  3.3

Action                   |  1- 3 |  4- 6 |  7- 9 || total
-------------------------+-------+-------+-------++-------
Melee: Unarmed           |    63 |   170 |   164 ||   397
  Use: Scroll            |       |    15 |     4 ||    19
       Potion            |       |     1 |       ||     1
Armor: Robe              |    17 |    23 |    27 ||    67
Dodge: Dodged            |    17 |    44 |    52 ||   113
Block: Kite shield       |    22 |    35 |    77 ||   134

Table legend: (Time is in decaauts)
 A = Elapsed time spent in this place.
 B = Non-inter-level travel time spent in this place.
 C = Inter-level travel time spent in this place.
 D = Time resting spent in this place.
 E = Time spent auto-exploring this place.
 F = Levels seen in this place.
 G = Mean time per level.
                   A        B        C        D        E       F      G
               +--------+--------+--------+--------+--------+-----+--------+
         Total |   4522 |   4214 |    308 |     71 |   3102 |   7 |  646.0 |
       Dungeon |   4481 |   4190 |    291 |     71 |   3102 |   6 |  746.8 |
        Temple |     41 |     24 |     17 |      0 |      0 |   1 |   41.0 |
               +--------+--------+--------+--------+--------+-----+--------+

Top non-repeatable levels by time:
     D:4: 986 daAuts
     D:5: 871 daAuts
     D:1: 720 daAuts
     D:3: 706 daAuts
     D:6: 666 daAuts
     D:2: 531 daAuts
  Temple: 41 daAuts
